[ PARTIDA AOE2 · #495327901 ]
UnrankedWei vs Hindustanis
Equipo del jugador · DERR
Equipo rival · VICT
[ ANÁLISIS DE REPETICIÓN · EXTRAÍDO DE LA PARTIDA GRABADA ]
Feudal
9:59
Castillos
22:05
Imperial
39:13
| APM promedio | 41.5 |
| APM pico | 62 |
| eAPM promedio | 22.1 |
| Aldeanos / militares | 140 / 28 |
Foco
⚔️ 32.6% · 🌾 67.4%
Unknown (1944) ×71 · Unknown (1952) ×23 · Skirmisher ×18 · Unknown (1942) ×8 · Monk ×5 · Archer ×5
Feudal
10:46
Castillos
22:12
Imperial
37:28
| APM promedio | 47.5 |
| APM pico | 90 |
| eAPM promedio | 27.4 |
| Aldeanos / militares | 181 / 203 |
Foco
⚔️ 37.1% · 🌾 62.9%
Ghulam ×111 · Camel Scout ×67 · Skirmisher ×12 · Militia ×6 · Trebuchet (Packed) ×4 · Monk ×3
Mapa de la partida
Recursos iniciales + cada clic de construcción. Líneas = muros · curvas = relieve. ◆ oro · ⬟ piedra · ● bayas · ✦ reliquia · ◌ hueco del cierre
Tu base· Abierta — hueco de 7t
Base de Ode· Abierta — hueco de 7t
Terreno inicial suavizado · ◌ = hueco del cierre detectado · pasá el cursor para detalles
Inputs por minuto
— Saloon_F_F - - Ode
Build order — Saloon_F_F
Primeras 150 de 473 acciones detectadas
| 0:04 | Construir | Town Center |
| 1:09 | Crear | Villager (Male) |
| 1:09 | Crear | Villager (Male) |
| 1:10 | Crear | Villager (Male) |
| 1:35 | Construir | House |
| 1:44 | Crear | Villager (Male) |
| 2:02 | Crear | Villager (Male) |
| 2:33 | Construir | Lumber Camp |
| 3:03 | Crear | Villager (Male) |
| 3:24 | Construir | Palisade Wall |
| 3:38 | Crear | Villager (Male) |
| 4:00 | Crear | Villager (Male) |
| 4:43 | Crear | Villager (Male) |
| 4:47 | Investigar | Loom |
| 4:47 | Crear | Villager (Male) |
| 5:01 | Crear | Villager (Male) |
| 5:38 | Crear | Villager (Male) |
| 5:53 | Construir | Mill |
| 6:02 | Crear | Villager (Male) |
| 6:08 | Construir | Palisade Wall |
| 6:10 | Construir | Palisade Wall |
| 6:11 | Construir | Palisade Wall |
| 6:17 | Construir | Palisade Wall |
| 6:21 | Construir | Palisade Wall |
| 6:23 | Construir | Palisade Wall |
| 6:26 | Construir | Palisade Wall |
| 6:27 | Construir | Palisade Wall |
| 6:31 | Crear | Villager (Male) |
| 6:45 | Crear | Villager (Male) |
| 6:56 | Crear | Villager (Male) |
| 7:02 | Construir | Palisade Wall |
| 7:04 | Construir | Palisade Wall |
| 7:27 | Crear | Villager (Male) |
| 7:42 | Crear | Villager (Male) |
| 7:49 | Investigar | Feudal Age |
| 8:16 | Construir | House |
| 8:27 | Construir | House |
| 8:30 | Construir | Barracks |
| 9:13 | Crear | Villager (Male) |
| 9:59 | Edad | Edad Feudal |
| 10:01 | Construir | Archery Range |
| 10:08 | Investigar | Double-Bit Axe |
| 10:11 | Crear | Villager (Male) |
| 10:21 | Construir | Blacksmith |
| 10:24 | Construir | House |
| 10:25 | Crear | Villager (Male) |
| 10:36 | Construir | Mining Camp |
| 10:38 | Crear | Villager (Male) |
| 10:45 | Construir | House |
| 10:54 | Crear | Archer |
| 11:04 | Crear | Skirmisher |
| 11:12 | Construir | House |
| 11:13 | Construir | House |
| 11:19 | Crear | Villager (Male) |
| 11:29 | Crear | Villager (Male) |
| 11:45 | Construir | House |
| 11:46 | Construir | House |
| 11:48 | Construir | House |
| 11:50 | Crear | Villager (Male) |
| 11:59 | Crear | Archer |
| 12:15 | Crear | Villager (Male) |
| 12:23 | Crear | Villager (Male) |
| 12:28 | Crear | Archer |
| 12:40 | Crear | Villager (Male) |
| 12:59 | Construir | Mill |
| 13:10 | Crear | Villager (Male) |
| 13:14 | Investigar | Horse Collar |
| 13:23 | Crear | Villager (Male) |
| 13:28 | Crear | Archer |
| 13:39 | Construir | Market |
| 13:47 | Construir | Farm |
| 13:48 | Construir | Farm |
| 13:50 | Crear | Villager (Male) |
| 14:14 | Investigar | Fletching |
| 14:19 | Construir | Farm |
| 14:19 | Construir | Farm |
| 14:37 | Construir | Lumber Camp |
| 14:41 | Crear | Villager (Male) |
| 14:43 | Construir | Farm |
| 14:48 | Crear | Villager (Male) |
| 15:09 | Crear | Skirmisher |
| 15:14 | Crear | Archer |
| 15:20 | Construir | House |
| 15:42 | Construir | Farm |
| 15:44 | Construir | Farm |
| 16:14 | Investigar | Padded Archer Armor |
| 16:15 | Crear | Villager (Male) |
| 16:16 | Crear | Villager (Male) |
| 16:19 | Construir | Farm |
| 16:19 | Construir | Farm |
| 16:22 | Investigar | Gold Mining |
| 16:52 | Crear | Skirmisher |
| 16:52 | Crear | Skirmisher |
| 16:59 | Construir | Farm |
| 17:01 | Construir | Farm |
| 17:30 | Construir | Archery Range |
| 17:33 | Crear | Villager (Male) |
| 17:59 | Construir | House |
| 18:20 | Crear | Villager (Male) |
| 18:33 | Crear | Skirmisher |
| 18:33 | Crear | Skirmisher |
| 18:41 | Crear | Villager (Male) |
| 18:43 | Construir | House |
| 18:44 | Construir | House |
| 19:11 | Crear | Skirmisher |
| 19:11 | Crear | Skirmisher |
| 19:20 | Construir | House |
| 19:25 | Investigar | Castle Age |
| 19:34 | Construir | Mill |
| 19:35 | Construir | Farm |
| 19:36 | Construir | Farm |
| 19:37 | Construir | Farm |
| 19:38 | Construir | Farm |
| 19:39 | Construir | Farm |
| 19:49 | Crear | Skirmisher |
| 19:49 | Crear | Skirmisher |
| 20:04 | Construir | Lumber Camp |
| 20:07 | Construir | House |
| 20:17 | Crear | Skirmisher |
| 20:17 | Crear | Skirmisher |
| 20:28 | Crear | Skirmisher |
| 20:28 | Crear | Skirmisher |
| 20:55 | Crear | Skirmisher |
| 20:55 | Crear | Skirmisher |
| 20:57 | Construir | Stable |
| 21:33 | Construir | Archery Range |
| 21:41 | Crear | Skirmisher |
| 21:41 | Crear | Skirmisher |
| 21:45 | Investigar | Wheelbarrow |
| 22:05 | Edad | Edad de los Castillos |
| 22:08 | Crear | Unit 1944 |
| 22:16 | Investigar | Bodkin Arrow |
| 22:24 | Investigar | Bow Saw |
| 22:31 | Crear | Unit 1952 |
| 22:31 | Crear | Unit 1952 |
| 23:15 | Crear | Trade Cart |
| 23:17 | Crear | Unit 1944 |
| 23:28 | Crear | Villager (Male) |
| 23:35 | Crear | Villager (Male) |
| 23:35 | Crear | Villager (Male) |
| 23:44 | Crear | Villager (Male) |
| 23:46 | Construir | Town Center |
| 23:58 | Crear | Unit 1952 |
| 24:01 | Construir | Farm |
| 24:07 | Crear | Villager (Male) |
| 24:30 | Crear | Unit 1952 |
| 24:31 | Crear | Villager (Male) |
| 24:35 | Construir | Monastery |
| 25:13 | Crear | Villager (Male) |
| 25:13 | Crear | Villager (Male) |
Build order — Ode
Primeras 150 de 576 acciones detectadas
| 0:04 | Construir | Town Center |
| 1:06 | Crear | Villager (Male) |
| 1:06 | Crear | Villager (Male) |
| 1:07 | Crear | Villager (Male) |
| 1:08 | Crear | Villager (Male) |
| 1:46 | Crear | Villager (Male) |
| 2:24 | Crear | Villager (Male) |
| 2:36 | Construir | Barracks |
| 2:52 | Crear | Villager (Male) |
| 3:25 | Construir | Palisade Wall |
| 3:25 | Construir | Palisade Wall |
| 3:25 | Construir | Palisade Wall |
| 3:26 | Construir | Palisade Wall |
| 3:28 | Construir | Palisade Wall |
| 3:28 | Construir | Palisade Wall |
| 3:29 | Construir | Palisade Wall |
| 3:30 | Construir | Palisade Wall |
| 3:33 | Construir | Palisade Wall |
| 3:37 | Crear | Militia |
| 3:37 | Crear | Militia |
| 3:39 | Crear | Villager (Male) |
| 4:01 | Crear | Militia |
| 4:24 | Crear | Villager (Male) |
| 4:26 | Construir | Palisade Wall |
| 4:27 | Construir | Palisade Wall |
| 4:29 | Construir | Palisade Wall |
| 4:29 | Construir | Palisade Wall |
| 4:30 | Crear | Villager (Male) |
| 4:35 | Crear | Villager (Male) |
| 4:59 | Construir | Palisade Wall |
| 5:07 | Crear | Villager (Male) |
| 5:22 | Crear | Militia |
| 5:23 | Crear | Villager (Male) |
| 5:33 | Construir | House |
| 6:06 | Construir | Palisade Wall |
| 6:07 | Construir | Palisade Wall |
| 6:30 | Crear | Villager (Male) |
| 6:48 | Crear | Villager (Male) |
| 6:55 | Crear | Villager (Male) |
| 7:33 | Crear | Villager (Male) |
| 7:48 | Crear | Villager (Male) |
| 7:50 | Construir | Mining Camp |
| 8:29 | Investigar | Feudal Age |
| 8:37 | Construir | Palisade Wall |
| 9:01 | Construir | Lumber Camp |
| 9:13 | Construir | Palisade Wall |
| 9:13 | Construir | Palisade Wall |
| 9:14 | Construir | Palisade Wall |
| 9:14 | Construir | Palisade Wall |
| 9:18 | Construir | Palisade Wall |
| 9:20 | Crear | Villager (Male) |
| 9:25 | Investigar | Loom |
| 9:40 | Crear | Militia |
| 9:44 | Construir | House |
| 10:14 | Crear | Militia |
| 10:37 | Construir | House |
| 10:39 | Construir | Palisade Wall |
| 10:45 | Crear | Villager (Male) |
| 10:46 | Edad | Edad Feudal |
| 10:50 | Construir | Palisade Wall |
| 10:53 | Investigar | Man-at-Arms (upgrade) |
| 11:06 | Construir | Archery Range |
| 11:10 | Crear | Villager (Male) |
| 11:33 | Construir | Mill |
| 11:37 | Construir | Mill |
| 11:42 | Investigar | Double-Bit Axe |
| 11:46 | Crear | Villager (Male) |
| 12:04 | Crear | Villager (Male) |
| 12:11 | Crear | Skirmisher |
| 12:20 | Construir | Farm |
| 12:23 | Construir | Farm |
| 12:32 | Construir | House |
| 12:34 | Construir | House |
| 12:35 | Construir | Palisade Wall |
| 12:35 | Construir | Palisade Wall |
| 12:36 | Construir | Palisade Wall |
| 12:42 | Crear | Skirmisher |
| 12:48 | Construir | Farm |
| 12:56 | Crear | Villager (Male) |
| 12:56 | Crear | Villager (Male) |
| 12:59 | Crear | Skirmisher |
| 13:04 | Construir | Farm |
| 13:10 | Construir | House |
| 13:11 | Construir | Palisade Wall |
| 13:14 | Crear | Villager (Male) |
| 13:22 | Construir | Farm |
| 13:26 | Crear | Skirmisher |
| 13:38 | Construir | Farm |
| 13:48 | Construir | Farm |
| 14:00 | Construir | Farm |
| 14:13 | Crear | Villager (Male) |
| 14:23 | Construir | Archery Range |
| 14:25 | Construir | Blacksmith |
| 14:28 | Construir | Farm |
| 14:31 | Crear | Villager (Male) |
| 14:33 | Crear | Skirmisher |
| 14:42 | Construir | Farm |
| 15:06 | Crear | Villager (Male) |
| 15:17 | Construir | Farm |
| 15:19 | Construir | Farm |
| 15:20 | Construir | Farm |
| 15:23 | Construir | Lumber Camp |
| 15:29 | Investigar | Padded Archer Armor |
| 15:33 | Crear | Skirmisher |
| 15:43 | Crear | Villager (Male) |
| 15:46 | Construir | Farm |
| 16:02 | Investigar | Fletching |
| 16:06 | Crear | Villager (Male) |
| 16:26 | Crear | Skirmisher |
| 16:30 | Crear | Villager (Male) |
| 16:33 | Investigar | Fletching |
| 16:37 | Construir | Farm |
| 16:37 | Construir | Farm |
| 16:37 | Construir | Farm |
| 16:41 | Construir | Farm |
| 16:41 | Construir | Farm |
| 16:42 | Construir | Farm |
| 16:54 | Crear | Villager (Male) |
| 16:55 | Crear | Skirmisher |
| 17:02 | Crear | Villager (Male) |
| 17:04 | Construir | Farm |
| 17:12 | Crear | Villager (Male) |
| 17:20 | Crear | Skirmisher |
| 17:24 | Crear | Villager (Male) |
| 17:26 | Construir | Farm |
| 17:28 | Construir | House |
| 17:33 | Construir | House |
| 17:33 | Construir | House |
| 17:49 | Crear | Villager (Male) |
| 17:50 | Crear | Skirmisher |
| 18:13 | Crear | Villager (Male) |
| 18:15 | Construir | Market |
| 19:32 | Investigar | Castle Age |
| 19:34 | Crear | Villager (Male) |
| 19:54 | Construir | Mining Camp |
| 20:02 | Investigar | Horse Collar |
| 20:09 | Investigar | Arson |
| 20:15 | Investigar | Scale Mail Armor |
| 20:43 | Investigar | Forging |
| 21:05 | Investigar | Stone Mining |
| 21:06 | Crear | Villager (Male) |
| 21:24 | Construir | House |
| 21:29 | Construir | Farm |
| 21:41 | Construir | Outpost |
| 22:12 | Edad | Edad de los Castillos |
| 22:18 | Construir | Town Center |
| 22:22 | Crear | Villager (Male) |
| 22:38 | Crear | Villager (Male) |
| 23:00 | Crear | Villager (Male) |
| 23:01 | Crear | Villager (Male) |
Cronología de la partida
| 2:36 | Ode · first_building Barracks |
| 3:24 | Saloon_F_F · wall_segment Palisade Wall x1 |
| 3:25 | Ode · wall_segment Palisade Wall x1 |
| 3:25 | Ode · wall_segment Palisade Wall x1 |
| 3:25 | Ode · wall_segment Palisade Wall x1 |
| 3:26 | Ode · wall_segment Palisade Wall x1 |
| 3:28 | Ode · wall_segment Palisade Wall x1 |
| 3:28 | Ode · wall_segment Palisade Wall x1 |
| 3:29 | Ode · wall_segment Palisade Wall x1 |
| 3:30 | Ode · wall_segment Palisade Wall x1 |
| 3:33 | Ode · wall_segment Palisade Wall x1 |
| 4:26 | Ode · wall_segment Palisade Wall x1 |
| 4:27 | Ode · wall_segment Palisade Wall x1 |
| 4:29 | Ode · wall_segment Palisade Wall x1 |
| 4:29 | Ode · wall_segment Palisade Wall x1 |
| 4:59 | Ode · wall_segment Palisade Wall x4 |
| 6:06 | Ode · wall_segment Palisade Wall x1 |
| 6:07 | Ode · wall_segment Palisade Wall x1 |
| 6:08 | Saloon_F_F · wall_segment Palisade Wall x1 |
| 6:10 | Saloon_F_F · wall_segment Palisade Wall x1 |
| 6:11 | Saloon_F_F · wall_segment Palisade Wall x1 |
| 6:17 | Saloon_F_F · wall_segment Palisade Wall x2 |
| 6:21 | Saloon_F_F · wall_segment Palisade Wall x1 |
| 6:23 | Saloon_F_F · wall_segment Palisade Wall x1 |
| 6:26 | Saloon_F_F · wall_segment Palisade Wall x1 |
| 6:27 | Saloon_F_F · wall_segment Palisade Wall x1 |
| 7:02 | Saloon_F_F · wall_segment Palisade Wall x1 |
| 7:04 | Saloon_F_F · wall_segment Palisade Wall x1 |
| 8:30 | Saloon_F_F · first_building Barracks |
| 8:37 | Ode · wall_segment Palisade Wall x1 |
| 9:13 | Ode · wall_segment Palisade Wall x1 |
| 9:13 | Ode · wall_segment Palisade Wall x1 |
| 9:14 | Ode · wall_segment Palisade Wall x1 |
| 9:14 | Ode · wall_segment Palisade Wall x1 |
| 9:18 | Ode · wall_segment Palisade Wall x1 |
| 9:59 | Saloon_F_F · age_up feudal |
| 10:01 | Saloon_F_F · first_building Archery Range |
| 10:39 | Ode · wall_segment Palisade Wall x7 |
| 10:46 | Ode · age_up feudal |
| 10:50 | Ode · wall_segment Palisade Wall x8 |
| 11:06 | Ode · first_building Archery Range |
| 12:35 | Ode · wall_segment Palisade Wall x1 |
| 12:35 | Ode · wall_segment Palisade Wall x1 |
| 12:36 | Ode · wall_segment Palisade Wall x1 |
| 13:11 | Ode · wall_segment Palisade Wall x3 |
| 17:38 | Saloon_F_F · first_market_buy 100 food |
| 19:27 | Ode · first_market_sell 100 stone |
| 19:30 | Ode · first_market_buy 100 food |
| 20:57 | Saloon_F_F · first_building Stable |
| 22:05 | Saloon_F_F · age_up castle |
| 22:12 | Ode · age_up castle |
| 22:15 | Saloon_F_F · first_market_sell 100 wood |
| 23:37 | Ode · wall_segment Palisade Wall x1 |
| 23:38 | Ode · wall_segment Palisade Wall x1 |
| 23:44 | Ode · wall_segment Palisade Wall x1 |
| 23:44 | Ode · wall_segment Palisade Wall x1 |
| 24:11 | Ode · first_building Castle |
| 24:35 | Saloon_F_F · first_building Monastery |
| 24:47 | Ode · wall_segment Palisade Wall x1 |
| 26:09 | Ode · wall_segment Palisade Wall x1 |
| 26:48 | Ode · wall_segment Palisade Wall x1 |
| 28:38 | Ode · first_building Monastery |
| 31:22 | Saloon_F_F · first_building Castle |
| 35:07 | Saloon_F_F · wall_segment Stone Wall x1 |
| 36:40 | Saloon_F_F · wall_segment Stone Wall x11 |
| 37:28 | Ode · age_up imperial |
| 39:13 | Saloon_F_F · age_up imperial |
| 39:49 | Ode · wall_segment Palisade Wall x1 |
| 39:55 | Ode · wall_segment Palisade Wall x1 |
| 39:56 | Ode · wall_segment Palisade Wall x1 |
| 39:59 | Ode · wall_segment Palisade Wall x1 |
| 40:12 | Ode · first_building Stable |
| 41:37 | Saloon_F_F · first_building Siege Workshop |
| 41:38 | Ode · wall_segment Stone Wall x5 |
| 41:42 | Ode · wall_segment Stone Wall x1 |
| 41:43 | Ode · wall_segment Stone Wall x1 |
| 42:35 | Saloon_F_F · wall_segment Stone Wall x4 |
| 43:19 | Saloon_F_F · wall_segment Stone Wall x1 |
| 43:19 | Saloon_F_F · wall_segment Stone Wall x1 |
| 47:27 | Saloon_F_F · resign |
[ ANÁLISIS IA · 1 CRÉDITO ]
¿Qué pasó realmente en esta partida?
Wolo.gg analiza cada decisión: build order, eco, micro, errores típicos por bracket. Análisis personalizado por WhatsApp o Discord en 30 segundos.
Guía civ
Wei
Perfil
Saloon_F_F